Map: Deathaura LE

Players

DnS

  • Race: Protoss Protoss
  • Spawn Location: 11:00

Vanya - Winner!

  • Race: Zerg Zerg
  • League: Grandmaster
  • Spawn Location: 5:00

Event: DreamHack SC2 Masters 2020 Summer Europe

VOD

Have the link to the VOD?

Description

Time

  • Played on: June 28, 2020, 12:51 p.m.
  • Length: 11:34

All games in this series

Show
View Real Time Build Order
Export as new Build Order

DnS Protoss 

Build Orders: 1 Gate Expand, Oracle Opening, Archon Immortal 

Get SALT Encoding   

  12  0:00  Probe  
  13  0:12  Probe  
  14  0:19  Pylon  
  14  0:24  Probe  
  15  0:33  Probe  
  15  0:41  Gateway, Probe  
  16  0:49  Assimilator  
  17  0:51  Probe  
  18  1:03  Probe  
  19  1:16  Probe  
  20  1:25  Nexus  
  20  1:36  Cybernetics Core  
  20  1:40  Probe  
  20  1:45  Assimilator  
  21  1:52  Probe  
  22  1:54  Pylon  
  22  2:02  Adept  
  22  2:03  Probe  
  23  2:12  Probe  
  23  2:13  Warp Gate  
  25  2:20  Probe  
  26  2:27  Stalker  
  26  2:29  Stargate  
  27  2:30  Probe  
  30  2:39  Probe  
  30  2:43  Probe  
  32  2:51  Probe  
  32  2:55  Probe  
  34  3:04  Oracle, Probe  
  34  3:05  Adept  
  37  3:07  Probe  
  37  3:09  Gateway  
  38  3:16  Probe  
  38  3:19  Probe  
  43  3:22  Pylon  
  43  3:28  Probe  
  43  3:31  Probe  
  43  3:32  Oracle  
  45  3:38  Pylon  
  45  3:43  Probe  
  45  3:46  Pylon  
  49  3:52  Probe  
  49  3:54  Assimilator  
  50  3:55  Probe  
  50  3:56  Assimilator  
  50  4:00  Robotics Facility  
  50  4:02  Adept  
  53  4:05  Adept  
  53  4:06  Probe  
  53  4:08  Probe  
  57  4:18  Probe  
  57  4:20  Probe  
  59  4:25  Adept  
  59  4:26  Adept  
  59  4:30  Probe  
  64  4:32  Probe  
  64  4:35  Nexus  
  65  4:40  Pylon  
  65  4:42  Probe  
  65  4:45  Probe  
  67  4:46  Sentry  
  67  4:51  Oracle  
  69  4:54  Probe  
  69  4:57  Sentry, Probe  
  67  5:03  Observer  
  67  5:06  Probe  
  69  5:10  Probe  
  69  5:11  Zealot  
  72  5:18  Twilight Council, Probe  
  72  5:19  Immortal  
  72  5:20  Forge  
  73  5:22  Probe  
  78  5:37  Pylon  
  78  5:44  Probe x2  
  78  5:47  Protoss Ground Weapons Level 1, Probe  
  81  5:50  Sentry x2  
  81  5:52  Probe x2  
  81  5:54  Pylon  
  87  5:58  Charge  
  87  5:59  Probe  
  87  6:01  Probe x2  
  89  6:07  Immortal  
  95  6:11  Probe  
  95  6:13  Probe  
  95  6:14  Probe  
  95  6:16  Assimilator x2  
  97  6:22  Gateway  
  97  6:23  Probe  
  97  6:24  Gateway  
  97  6:25  Probe  
  99  6:26  Probe  
  99  6:32  Gateway  
  100  6:35  Probe  
  100  6:37  Warp Prism  
  100  6:42  Gateway  
  100  6:43  Photon Cannon  
  100  6:44  Gateway  
  100  6:45  Gateway  
  100  6:49  Zealot x2  
  100  6:53  Templar Archives  
  106  6:59  Photon Cannon  
  106  7:02  Pylon  
  106  7:03  Pylon  
  106  7:09  Pylon  
  106  7:10  Pylon  
  106  7:12  Pylon  
  106  7:14  Zealot  
  108  7:21  Pylon  
  107  7:29  Immortal  
  107  7:31  High Templar x3  
  107  7:32  High Templar  
  107  7:35  Archon x2  
  107  7:37  Nexus  
  115  7:38  Photon Cannon  
  115  7:39  Photon Cannon  
  116  7:44  Photon Cannon  
  116  7:57  Zealot x3  
  116  8:07  Zealot x4  
  117  8:18  Immortal  
  117  8:19  Probe  
  122  8:25  Zealot x3  
  128  8:31  Zealot x3  
  126  8:44  Probe  
  127  8:50  Zealot x3  
  127  8:57  High Templar x3  
  127  9:00  Immortal  
  127  9:02  Archon  
  113  9:14  Probe x2  
  101  9:30  Zealot x2  
  101  9:31  Zealot x2  
  103  9:39  Observer  
  103  9:40  Phoenix, Probe  
  106  9:52  Probe  
  110  9:55  Pylon  
  110  9:57  Photon Cannon  
  110  9:58  High Templar  
  110  10:02  Archon  
  109  10:14  High Templar x2  
  109  10:19  Immortal  
  109  10:20  Archon  
  117  10:21  Probe  
  117  10:22  Probe x2  
  117  10:27  Pylon  
  119  10:31  Pylon  
  115  10:41  Stalker x2  
  115  10:56  Stalker, Pylon  
  96  11:05  Zealot x2  
  58  11:26  Zealot x3  
Show
View Real Time Build Order
Export as new Build Order

Vanya Zerg - Winner!

Build Orders: Hatch First 

Get SALT Encoding   

  12  0:00  Drone  
  13  0:12  Overlord  
  13  0:16  Drone  
  14  0:31  Drone  
  15  0:42  Drone  
  16  0:50  Hatchery  
  16  0:51  Drone  
  16  0:55  Drone  
  17  0:58  Drone  
  18  1:10  Extractor  
  17  1:14  Spawning Pool  
  17  1:17  Drone  
  17  1:21  Drone  
  18  1:28  Drone  
  19  1:41  Drone  
  20  1:50  Overlord  
  20  2:01  Queen  
  20  2:02  Zergling x2, Queen  
  20  2:03  Zergling x2  
  26  2:11  Drone  
  26  2:13  Drone, Metabolic Boost  
  28  2:23  Drone  
  29  2:34  Hatchery  
  28  2:37  Drone  
  28  2:38  Drone  
  30  2:46  Queen  
  32  2:51  Overlord  
  32  2:55  Drone  
  33  3:02  Drone x3  
  36  3:13  Drone x2  
  36  3:14  Drone  
  36  3:16  Drone  
  36  3:17  Drone x2  
  36  3:19  Overlord  
  42  3:29  Spore Crawler  
  42  3:32  Spore Crawler  
  41  3:41  Drone x4  
  44  3:46  Queen  
  47  3:50  Drone x2  
  49  3:57  Roach Warren, Drone x3  
  49  3:58  Drone  
  49  4:02  Overlord  
  52  4:07  Drone x2, Spine Crawler  
  53  4:14  Spore Crawler  
  53  4:17  Zergling x12  
  53  4:22  Spore Crawler  
  58  4:28  Drone x6  
  64  4:32  Overlord  
  64  4:34  Drone  
  64  4:36  Roach Warren, Lair  
  64  4:38  Drone  
  65  4:44  Extractor  
  65  4:45  Extractor  
  63  4:48  Overlord  
  63  4:50  Zergling x6  
  64  4:55  Drone x2  
  64  4:56  Drone x3  
  64  4:57  Drone x4  
  71  5:04  Overlord  
  71  5:07  Drone  
  71  5:08  Drone  
  71  5:13  Drone  
  74  5:16  Extractor  
  74  5:18  Extractor  
  72  5:25  Overlord  
  72  5:29  Drone x6  
  72  5:32  Evolution Chamber, Extractor  
  72  5:33  Overseer  
  76  5:35  Glial Reconstitution  
  76  5:36  Drone x4  
  76  5:37  Spore Crawler  
  76  5:39  Drone x2  
  81  5:50  Tunneling Claws  
  81  5:51  Burrow  
  81  5:52  Roach x2  
  85  5:58  Hatchery, Drone x2  
  85  6:00  Overlord  
  85  6:02  Roach x3  
  89  6:06  Drone x2  
  91  6:11  Overlord  
  91  6:13  Roach x2  
  91  6:15  Overlord  
  91  6:18  Drone  
  96  6:20  Zerg Missile Weapons Level 1  
  96  6:21  Roach  
  96  6:25  Roach x3  
  104  6:30  Roach  
  104  6:31  Roach x2  
  110  6:35  Overlord  
  110  6:41  Drone  
  110  6:42  Overlord  
  110  6:43  Roach x3  
  117  6:49  Overlord  
  117  6:54  Roach x3  
  123  6:55  Spire  
  123  6:58  Overseer  
  123  6:59  Roach x2  
  126  7:03  Roach  
  126  7:04  Roach  
  129  7:11  Roach x5  
  139  7:17  Overlord  
  139  7:22  Roach x6  
  151  7:30  Overlord  
  151  7:35  Overlord  
  151  7:36  Roach x4  
  151  7:37  Roach x10  
  151  7:38  Drone x4  
  151  7:39  Drone x3  
  158  7:44  Overlord  
  158  7:48  Roach  
  158  7:49  Overlord, Extractor  
  158  7:51  Overlord  
  158  7:52  Extractor  
  158  7:53  Ravager x13  
  169  8:01  Roach x2  
  169  8:02  Roach  
  175  8:07  Overlord  
  175  8:10  Overlord  
  175  8:11  Roach x6  
  181  8:16  Roach x6  
  175  8:25  Roach x2  
  175  8:26  Roach x4  
  181  8:27  Roach  
  181  8:28  Roach x2  
  181  8:29  Roach  
  181  8:37  Roach x9  
  188  9:02  Mutalisk x7  
  174  9:08  Zergling x10  
  178  9:22  Roach  
  178  9:23  Roach x3  
  165  9:30  Roach x4  
  164  9:37  Zerg Flyer Weapons Level 1  
  158  9:39  Roach x4  
  163  9:46  Roach x3  
  163  9:47  Roach  
  171  9:54  Ravager x4  
  171  9:57  Zergling x8  
  179  10:00  Ravager  
  179  10:01  Roach x3  
  186  10:11  Mutalisk x2  
  190  10:14  Overlord  
  190  10:20  Roach x5  
  200  10:23  Roach x4  
  200  10:33  Hatchery  
  194  10:38  Roach x2  
  194  10:39  Roach x3  
  199  10:52  Roach x24  
  197  11:00  Roach x3  
  180  11:05  Roach x6  
  180  11:06  Roach x4  
  192  11:16  Zergling x22  
  192  11:17  Zergling x4  
Tags
 
Add a new tag
Caveats
  • Supply blocks, unpowered buildings, or Contaminate may cause inaccurate times.
  • Supply counts are checked every 10 seconds.